| TOP OF THE 1ST |
|
Dunedin Blue Jays batting - Pitching for Cocoa Flyers : RHP Jose Ortiz
|
|
Pitching: RHP Jose Ortiz
|
|
|
Batting: RHB David Hall
|
0-0: Ball 1-0: Called Strike 1-1: Ground out 6-3 (Groundball, 6, EV 105.0 MPH)
|
|
Batting: LHB Ray Cosey
|
0-0: Fly out, F3 (Popup, 3S, EV 76.3 MPH)
|
|
Batting: RHB Miguel Rodriguez
|
0-0: Ball 1-0: Ball 2-0: Called Strike 2-1: Foul Ball, location: 2F 2-2: Ball 3-2: Base on Balls
|
|
Batting: RHB Dale Berra
|
0-0: Ball 1-0: Called Strike 1-1: DOUBLE (Line Drive, 7LD, EV 101.3 MPH) Miguel Rodriguez to third Runner from 3rd tries for Home, SAFE, throw by LF to home
|
|
Batting: LHB Manny Leal
|
0-0: DOUBLE (Line Drive, 8RXD, EV 112.5 MPH) Dale Berra scores
|
|
Batting: RHB Brad Wellman
|
0-0: Fly out, F6 (Popup, 56, EV 75.0 MPH)
|
| Top of the 1st over - 2 runs, 2 hits, 0 errors, 1 left on base; Dunedin 2 - Cocoa 0 |
| BOTTOM OF THE 1ST |
|
Cocoa Flyers batting - Pitching for Dunedin Blue Jays : LHP Dennis Powell
|
|
Pitching: LHP Dennis Powell
|
|
|
Batting: RHB Danny Arroyo
|
0-0: SINGLE (Groundball, 25, EV 74.4 MPH) (infield hit)
|
|
Batting: RHB Lorenzo Quintanilla
|
0-0: Ball 1-0: Ball 2-0: Ball 3-0: Called Strike 3-1: Fly out, F6 (Line Drive, 6, EV 71.3 MPH)
|
|
Batting: LHB Mike Jones
|
0-0: Foul Ball, location: 2F 0-1: Foul Ball, location: 2F 0-2: Ball 1-2: Foul Ball, location: 2F 1-2: Fielders Choice at 2nd, 3-6 (Groundball, 3, EV 88.1 MPH)
|
|
Batting: RHB Larry McNutt
|
0-0: Ball 1-0: Called Strike Mike Jones steals 2nd, throwing error, E2 Mike Jones to third 1-1: Foul Ball, location: 2F 1-2: Ball 2-2: Foul Ball, location: 2F 2-2: Ball 3-2: SINGLE (Line Drive, 9S, EV 106.9 MPH) Mike Jones scores
|
|
Batting: LHB Gary Robertson
|
0-0: Called Strike Larry McNutt steals 2nd base 0-1: Swinging Strike 0-2: Ground out 6-3 (Groundball, 6, EV 101.9 MPH)
|
| Bottom of the 1st over - 1 run, 2 hits, 1 error, 1 left on base; Dunedin 2 - Cocoa 1 |
| TOP OF THE 2ND |
|
Dunedin Blue Jays batting - Pitching for Cocoa Flyers : RHP Jose Ortiz
|
|
Batting: LHB Monte McAbee
|
0-0: Ball 1-0: Foul Ball, location: 2F 1-1: Fly out, F8 (Flyball, 8LXD, EV 108.1 MPH)
|
|
Batting: RHB Dann Bilardello
|
0-0: Ball 1-0: Fly out, F7 (Flyball, 7LS, EV 80.6 MPH)
|
|
Batting: RHB Scott Richartz
|
0-0: Ball 1-0: Ball 2-0: Called Strike 2-1: Ball 3-1: SINGLE (Groundball, 34S, EV 70.0 MPH) (infield hit)
|
|
Batting: RHB David Hall
|
0-0: Ball 1-0: Ball 2-0: Foul Ball, location: 2F 2-1: Called Strike 2-2: Ball 3-2: Foul Ball, location: 2F 3-2: Fly out, F8 (Flyball, 8RD, EV 95.0 MPH)
|
| Top of the 2nd over - 0 runs, 1 hit, 0 errors, 1 left on base; Dunedin 2 - Cocoa 1 |
| BOTTOM OF THE 2ND |
|
Cocoa Flyers batting - Pitching for Dunedin Blue Jays : LHP Dennis Powell
|
|
Batting: RHB Miguel Dominguez
|
0-0: Ball 1-0: Called Strike 1-1: SINGLE (Groundball, 34D, EV 93.8 MPH)
|
|
Batting: SHB Rick Lockwood
|
0-0: Foul Ball, location: 2F 0-1: Ball 1-1: DOUBLE (Flyball, 8RXD, EV 93.1 MPH) Miguel Dominguez to third
|
|
Batting: RHB Jorge Diaz
|
0-0: Ball 1-0: Ball 2-0: Called Strike 2-1: Ground out 4-3 (Groundball, 34, EV 80.6 MPH) Miguel Dominguez scores Rick Lockwood to third
|
|
Batting: LHB Clint Hurdle
|
0-0: Called Strike 0-1: Ball 1-1: Fly out, F8 (Flyball, 89M, EV 81.9 MPH) Runner from 3rd tags up, SCORES, throw by CF
|
|
Batting: RHB Danny Arroyo
|
0-0: Swinging Strike 0-1: Ball 1-1: Ball 2-1: Fly out, F9 (Flyball, 9LM, EV 96.3 MPH)
|
| Bottom of the 2nd over - 2 runs, 2 hits, 0 errors, 0 left on base; Dunedin 2 - Cocoa 3 |
| TOP OF THE 3RD |
|
Dunedin Blue Jays batting - Pitching for Cocoa Flyers : RHP Jose Ortiz
|
|
Batting: LHB Ray Cosey
|
0-0: Ball 1-0: Ball 2-0: Ball 3-0: Called Strike 3-1: Base on Balls
|
|
Batting: RHB Miguel Rodriguez
|
0-0: Called Strike 0-1: Called Strike 0-2: Ball 1-2: Ball 2-2: Fly out, F7 (Flyball, 7, EV 95.0 MPH)
|
|
Batting: RHB Dale Berra
|
0-0: Ball 1-0: Foul Ball, location: 2F 1-1: Ball Ray Cosey is caught stealing 2nd base 2-4 2-1: Ball 3-1: Called Strike 3-2: Fly out, F8 (Flyball, 89D, EV 93.1 MPH)
|
| Top of the 3rd over - 0 runs, 0 hits, 0 errors, 0 left on base; Dunedin 2 - Cocoa 3 |
| BOTTOM OF THE 3RD |
|
Cocoa Flyers batting - Pitching for Dunedin Blue Jays : LHP Dennis Powell
|
|
Batting: RHB Lorenzo Quintanilla
|
0-0: Called Strike 0-1: Ball 1-1: Ball 2-1: Ball 3-1: Fly out, F7 (Flyball, 7LM, EV 90.0 MPH)
|
|
Batting: LHB Mike Jones
|
0-0: Called Strike 0-1: Ball 1-1: Called Strike 1-2: Foul Ball, location: 2F 1-2: Foul Ball, location: 2F 1-2: Ball 2-2: Foul Ball, location: 2F 2-2: Ground out 4-3 (Groundball, 4MD, EV 101.3 MPH)
|
|
Batting: RHB Larry McNutt
|
0-0: Ball 1-0: Foul Ball, location: 2F 1-1: Swinging Strike 1-2: Strikes out swinging
|
| Bottom of the 3rd over - 0 runs, 0 hits, 0 errors, 0 left on base; Dunedin 2 - Cocoa 3 |
| TOP OF THE 4TH |
|
Dunedin Blue Jays batting - Pitching for Cocoa Flyers : RHP Jose Ortiz
|
|
Batting: LHB Manny Leal
|
0-0: Called Strike 0-1: Foul Ball, location: 2F 0-2: Ball 1-2: Foul Ball, location: 2F 1-2: Foul Ball, location: 2F 1-2: Ground out 6-3 (Groundball, 6, EV 107.5 MPH)
|
|
Batting: RHB Brad Wellman
|
0-0: Ground out 6-3 (Groundball, 6, EV 108.8 MPH)
|
|
Batting: LHB Monte McAbee
|
0-0: Ball 1-0: Ball 2-0: Ball 3-0: Called Strike 3-1: Fly out, F6 (Popup, 6MD, EV 65.6 MPH)
|
| Top of the 4th over - 0 runs, 0 hits, 0 errors, 0 left on base; Dunedin 2 - Cocoa 3 |
| BOTTOM OF THE 4TH |
|
Cocoa Flyers batting - Pitching for Dunedin Blue Jays : LHP Dennis Powell
|
|
Batting: LHB Gary Robertson
|
0-0: Called Strike 0-1: Called Strike 0-2: Ground out U3 (Groundball, 3S, EV 84.4 MPH)
|
|
Batting: RHB Miguel Dominguez
|
0-0: Ball 1-0: Fly out, F8 (Line Drive, 8RM, EV 103.1 MPH)
|
|
Batting: SHB Rick Lockwood
|
0-0: Ball 1-0: Swinging Strike 1-1: Foul Ball, location: 2F 1-2: Ground out 6-3 (Groundball, 6, EV 78.8 MPH)
|
| Bottom of the 4th over - 0 runs, 0 hits, 0 errors, 0 left on base; Dunedin 2 - Cocoa 3 |
| TOP OF THE 5TH |
|
Dunedin Blue Jays batting - Pitching for Cocoa Flyers : RHP Jose Ortiz
|
|
Batting: RHB Dann Bilardello
|
0-0: Ball 1-0: Called Strike 1-1: Foul Ball, location: 2F 1-2: SINGLE (Flyball, 56D, EV 90.0 MPH)
|
|
Batting: RHB Scott Richartz
|
0-0: Ball 1-0: Called Strike 1-1: Called Strike 1-2: Ball 2-2: Ball 3-2: Foul Ball, location: 2F 3-2: Strikes out swinging
|
|
Batting: RHB David Hall
|
0-0: Ball 1-0: Swinging Strike 1-1: Ball 2-1: Ball 3-1: SINGLE (Flyball, 7S, EV 90.0 MPH) Dann Bilardello to second
|
|
Batting: LHB Ray Cosey
|
0-0: Foul Ball, location: 2F 0-1: 3-RUN HOME RUN (Flyball, 9D, EV 108.8 MPH), Distance : 383 ft
|
|
Batting: RHB Miguel Rodriguez
|
0-0: Ground out 4-3 (Groundball, 4S, EV 88.8 MPH)
|
|
Batting: RHB Dale Berra
|
0-0: Called Strike 0-1: Ball 1-1: Foul Ball, location: 2F 1-2: Ball 2-2: Fly out, F7 (Flyball, 7D, EV 83.8 MPH)
|
| Top of the 5th over - 3 runs, 3 hits, 0 errors, 0 left on base; Dunedin 5 - Cocoa 3 |
| BOTTOM OF THE 5TH |
|
Cocoa Flyers batting - Pitching for Dunedin Blue Jays : LHP Dennis Powell
|
|
Batting: RHB Jorge Diaz
|
0-0: Ball 1-0: Ball 2-0: Foul Ball, location: 2F 2-1: Ball 3-1: Base on Balls
|
|
Batting: LHB Clint Hurdle
|
0-0: Ball 1-0: Ball 2-0: Grounds into double play, 4-6-3 (Groundball, 4, EV 106.3 MPH)
|
|
Batting: RHB Danny Arroyo
|
0-0: Swinging Strike 0-1: Called Strike 0-2: Ball 1-2: Fly out, F3 (Popup, 3F, EV 66.3 MPH)
|
| Bottom of the 5th over - 0 runs, 0 hits, 0 errors, 0 left on base; Dunedin 5 - Cocoa 3 |
| TOP OF THE 6TH |
|
Dunedin Blue Jays batting - Pitching for Cocoa Flyers : RHP Jose Ortiz
|
|
Batting: LHB Manny Leal
|
0-0: Ball 1-0: Called Strike 1-1: Ground out 6-3 (Groundball, 56, EV 83.1 MPH)
|
|
Batting: RHB Brad Wellman
|
0-0: Ground out 6-3 (Groundball, 56D, EV 85.6 MPH)
|
|
Batting: LHB Monte McAbee
|
0-0: Ground out 1-3 (Groundball, 15S, EV 70.0 MPH)
|
| Top of the 6th over - 0 runs, 0 hits, 0 errors, 0 left on base; Dunedin 5 - Cocoa 3 |
| BOTTOM OF THE 6TH |
|
Cocoa Flyers batting - Pitching for Dunedin Blue Jays : LHP Dennis Powell
|
|
Batting: RHB Lorenzo Quintanilla
|
0-0: Called Strike 0-1: Ball 1-1: Ball 2-1: Ball 3-1: Ground out 1-3 (Groundball, P, EV 64.4 MPH)
|
|
Batting: LHB Mike Jones
|
0-0: Swinging Strike 0-1: Ball 1-1: Swinging Strike 1-2: Strikes out swinging
|
|
Batting: RHB Larry McNutt
|
0-0: Foul Ball, location: 2F 0-1: Ground out 6-3 (Groundball, 6, EV 104.4 MPH)
|
| Bottom of the 6th over - 0 runs, 0 hits, 0 errors, 0 left on base; Dunedin 5 - Cocoa 3 |
| TOP OF THE 7TH |
|
Dunedin Blue Jays batting - Pitching for Cocoa Flyers : RHP Jose Ortiz
|
|
Pitching: RHP Kenneth Rabun
|
|
|
Batting: RHB Dann Bilardello
|
0-0: Called Strike 0-1: Called Strike 0-2: Ball 1-2: Foul Ball, location: 2F 1-2: Foul Ball, location: 2F 1-2: Foul Ball, location: 2F 1-2: Strikes out swinging
|
|
Batting: RHB Scott Richartz
|
0-0: Called Strike 0-1: Foul Ball, location: 2F 0-2: Ball 1-2: Foul Ball, location: 2F 1-2: Strikes out swinging
|
|
Batting: RHB David Hall
|
0-0: Called Strike 0-1: Ball 1-1: Ball 2-1: Ball 3-1: Called Strike 3-2: Ground out 1-3 (Groundball, P, EV 75.6 MPH)
|
| Top of the 7th over - 0 runs, 0 hits, 0 errors, 0 left on base; Dunedin 5 - Cocoa 3 |
| BOTTOM OF THE 7TH |
|
Cocoa Flyers batting - Pitching for Dunedin Blue Jays : LHP Dennis Powell
|
|
Batting: LHB Gary Robertson
|
0-0: Called Strike 0-1: Foul Ball, location: 2F 0-2: Strikes out swinging
|
|
Batting: RHB Miguel Dominguez
|
0-0: Ball 1-0: Ground out U3 (Groundball, 34, EV 105.0 MPH)
|
|
Batting: SHB Rick Lockwood
|
0-0: Called Strike 0-1: Ball 1-1: Ball 2-1: Swinging Strike 2-2: Ball 3-2: SINGLE (Flyball, 9LS, EV 93.8 MPH)
|
|
Batting: RHB Jorge Diaz
|
0-0: Foul Ball, location: 2F 0-1: Ball 1-1: Ball 2-1: Called Strike 2-2: Foul Ball, location: 2F 2-2: Fly out, F9 (Flyball, 9LM, EV 88.1 MPH)
|
| Bottom of the 7th over - 0 runs, 1 hit, 0 errors, 1 left on base; Dunedin 5 - Cocoa 3 |
| TOP OF THE 8TH |
|
Dunedin Blue Jays batting - Pitching for Cocoa Flyers : RHP Kenneth Rabun
|
|
Batting: LHB Ray Cosey
|
0-0: Called Strike 0-1: Ball 1-1: SINGLE (Line Drive, 56D, EV 107.5 MPH)
|
|
Batting: RHB Miguel Rodriguez
|
0-0: Ball 1-0: Ball 2-0: SINGLE (Flyball, 8LS, EV 92.5 MPH) Ray Cosey to second Runner from 2nd tries for 3rd, SAFE, throw by CF made to third
|
|
Batting: RHB Dale Berra
|
0-0: Ball 1-0: Ground out 5-3 (Groundball, 25, EV 88.8 MPH) Miguel Rodriguez to second
|
|
Batting: LHB Manny Leal
|
0-0: Intentional Walk
|
|
Batting: RHB Brad Wellman
|
0-0: SINGLE (Groundball, 4M, EV 97.5 MPH) Ray Cosey scores Miguel Rodriguez to third Manny Leal to second Runner from 3rd tries for Home, SAFE, throw by CF to home
|
|
Batting: LHB Monte McAbee
|
0-0: Called Strike 0-1: Swinging Strike 0-2: Ball 1-2: Strikes out swinging
|
|
Batting: RHB Dann Bilardello
|
0-0: Ball 1-0: Fly out, F3 (Popup, 3L, EV 73.1 MPH)
|
| Top of the 8th over - 2 runs, 3 hits, 0 errors, 2 left on base; Dunedin 7 - Cocoa 3 |
| BOTTOM OF THE 8TH |
|
Cocoa Flyers batting - Pitching for Dunedin Blue Jays : LHP Dennis Powell
|
|
Batting: LHB Clint Hurdle
|
0-0: Foul Ball, location: 2F 0-1: Ground out 3-1 (Groundball, 34, EV 80.0 MPH)
|
|
Batting: RHB Danny Arroyo
|
0-0: Ball 1-0: Ball 2-0: Called Strike 2-1: Ball 3-1: Fly out, F9 (Flyball, 89S, EV 85.6 MPH)
|
|
Batting: RHB Lorenzo Quintanilla
|
0-0: Called Strike 0-1: Ball 1-1: Swinging Strike 1-2: Fly out, F8 (Line Drive, 8RD, EV 90.6 MPH)
|
| Bottom of the 8th over - 0 runs, 0 hits, 0 errors, 0 left on base; Dunedin 7 - Cocoa 3 |
| TOP OF THE 9TH |
|
Dunedin Blue Jays batting - Pitching for Cocoa Flyers : RHP Kenneth Rabun
|
|
Batting: RHB Scott Richartz
|
0-0: Foul Ball, location: 2F 0-1: Ball 1-1: Ground out 6-3 (Groundball, 6, EV 84.4 MPH)
|
|
Batting: RHB David Hall
|
0-0: Ball 1-0: Swinging Strike 1-1: Called Strike 1-2: Fly out, F4 (Flyball, 34D, EV 88.8 MPH)
|
|
Pitching: RHP Curtis Reade
|
|
|
Batting: LHB Ray Cosey
|
0-0: Ground out 6-3 (Groundball, 56, EV 91.3 MPH)
|
| Top of the 9th over - 0 runs, 0 hits, 0 errors, 0 left on base; Dunedin 7 - Cocoa 3 |
| BOTTOM OF THE 9TH |
|
Cocoa Flyers batting - Pitching for Dunedin Blue Jays : LHP Dennis Powell
|
|
Batting: LHB Mike Jones
|
0-0: Called Strike 0-1: Ball 1-1: Swinging Strike 1-2: Foul Ball, location: 2F 1-2: Strikes out swinging
|
|
Batting: RHB Larry McNutt
|
0-0: Ball 1-0: Ball 2-0: Ball 3-0: Called Strike 3-1: Foul Ball, location: 2F 3-2: Strikes out swinging
|
|
Batting: LHB Gary Robertson
|
0-0: Ball 1-0: Called Strike 1-1: Ball 2-1: Ball 3-1: Foul Ball, location: 2F 3-2: Base on Balls
|
|
Batting: RHB Miguel Dominguez
|
0-0: Ball 1-0: Fly out, F7 (Flyball, 7LM, EV 88.8 MPH)
|
| Bottom of the 9th over - 0 runs, 0 hits, 0 errors, 1 left on base; Dunedin 7 - Cocoa 3 |
|